 Dungeon Crawl Stone Soup version 0.28.0-43-g3370ac3207 (webtiles) character file.

Game seed: 8073465349910956744

863 Peloso the Slasher (level 7, 0/61 HPs)
             Began as a Minotaur Fighter on Mar 27, 2022.
             Killed from afar by an orc wizard (7 damage)
             ... with a magic dart
             ... on level 5 of the Dungeon.
             The game lasted 00:10:21 (3746 turns).

Peloso the Slasher (Minotaur Fighter)               Turns: 3746, Time: 00:10:22

Health: 0/61       AC: 11    Str: 21    XL:     7   Next: 72%
Magic:  6/6        EV:  8    Int:  5    God:
Gold:   172        SH:  5    Dex: 11    Spells: 6/6 levels left

rFire   . . .      SeeInvis .   a - +0 long sword
rCold   . . .      Faith    .   c - +0 buckler
rNeg    . . .      Spirit   .   o - +0 chain mail
rPois   .          Reflect  .   (helmet restricted)
rElec   .          Harm     .   (no cloak)
rCorr   .          Rampage  .   j - +0 pair of gloves
Will    .....                   (no boots)
Stlth   ..........              (no amulet)
HPRegen 0.20/turn               (no ring)
MPRegen 0.10/turn               (no ring)

@: mighty
A: horns 2, retaliatory headbutt
a: no special abilities


You were on level 5 of the Dungeon.
You visited 2 branches of the dungeon, and saw 6 of its levels.

You collected 172 gold pieces.

Inventory:

Hand Weapons
 a - a +0 long sword (weapon)
Armour
 b - a +0 scale mail
 c - a +0 buckler (worn)
 j - a +0 pair of gloves (worn)
 o - a +0 chain mail (worn)
Scrolls
 f - 4 scrolls of identify {unknown}
 k - a scroll of enchant weapon {unknown}
 l - a scroll of torment {unknown}
 m - 2 scrolls of magic mapping {unknown}
 q - a scroll of vulnerability {unknown}
 t - a scroll of teleportation {unknown}
 u - a scroll of fog {unknown}
 w - a scroll of noise {unknown}
 y - a scroll of summoning {unknown}
Potions
 e - a potion of brilliance {unknown}
 g - a potion of magic {unknown}
 h - 2 potions of resistance {unknown}
 i - a potion of mutation {unknown}
 n - a potion of lignification {unknown}
 p - a potion of cancellation {unknown}
 r - a potion of attraction {unknown}
 s - a potion of curing {unknown}
 v - 2 potions of flight {unknown}
 x - a potion of haste {unknown}
 z - 2 potions of heal wounds {unknown}


   Skills:
 + Level 5.3 Fighting
 + Level 7.1 Long Blades
 + Level 6.4 Armour
 + Level 1.3 Dodging
 + Level 0.7 Stealth
 + Level 5.2 Shields


You had 6 spell levels left.
You didn't know any spells.
Your spell library contained the following spells:

 Spells                   Type           Power      Damage    Failure   Level
 Gell's Gravitas          Tloc           0%         N/A       100%        3
 Lesser Beckoning         Tloc           0%         N/A       100%        3
 Teleport Other           Tloc           0%         N/A       100%        3
 Animate Dead             Necr           0%         N/A       100%        4
 Excruciating Wounds      Necr           0%         N/A       100%        5
 Iron Shot                Conj/Erth      0%         9d1       100%        6


Dungeon Overview and Level Annotations

Branches:
Dungeon (5/15)             Temple (1/1) D:4

Altars:
Cheibriados
Dithmenos
Elyvilon
Fedhas
Gozag
Hepliaklqana
Kikubaaqudgha
Makhleb
Qazlal
Ru
Sif Muna
Trog
Uskayaw
Vehumet
Wu Jian
Xom
Yredelemnul
Zin
The Shining One

Shops:
D:2 (=   D:3 [

Annotations:
D:4 3 runed translucent doors, MrOwl's ghost, amateur GrFi; dangdung's ghost, weakling OpTm; doomsgape's ghost, amateur HOFi


Innate Abilities, Weirdness & Mutations

You have a pair of horns on your head.
You reflexively headbutt those who attack you in melee.


Message History

You feel sick. The adder closely misses you.
Unknown command.
You hit the adder.
You kill the adder!
You feel sick.
Unknown command.
You feel sick.
Unknown command.
You feel sick.
You feel very mighty all of a sudden.
You feel sick. You block the orc's attack.
You closely miss the orc.
You feel sick.
You are no longer poisoned.
The orc hits you but does no damage.
Unknown command.
You closely miss the orc. Your headbutt misses the orc.
The orc hits you with a +0 dagger.
* * * LOW HITPOINT WARNING * * *
Unknown command.
You closely miss something.
Unknown command.
You miss something. Your headbutt misses something.
The orc hits you but does no damage.
You hear some strange, mumbled words.
Something tries to affect you, but you resist.
You miss something. The orc hits you but does no damage.
You hear some strange, mumbled words.
A puff of flame appears from out of thin air!
The puff of flame hits you.
* * * LOW HITPOINT WARNING * * *
You block the orc's attack.
You miss something. Something hits you but does no damage.
You block the orc's attack. Something hits you.
* * * LOW HITPOINT WARNING * * *
The ufetubus shouts!
You slash something! You block the orc's attack.
You hear some strange, mumbled words.
A magic dart appears from out of thin air!
The magic dart hits you!
You die...

..[ ... ## #.# .. .# #.#
.. . .5... ..# . #.#.#.#
#.# . ..#.#.#.#.#####.##
## >......oo........ .
#{#.# #.# # #
#@#.#####.########
..#.#.#.o...............
........................
#.#.#.###.#####.#####...
#. ...# #.# #.## # #####
#.# #.## #.# #.## ...
#.#. #.# #.#.


You could see 3 orcs and an ufetubus.

Vanquished Creatures
  Edmund (D:5)
  A black bear (D:5)
  2 necrophages
  An ogre (D:4)
  A centaur zombie (D:5)
  2 hounds (D:4)
  An iguana (D:5)
  Natasha (thrice) (D:2)
  A hound skeleton (D:3)
  Robin (D:3)
  4 gnolls (D:3)
  5 adders
  6 worms
  A dart slug (D:1)
  8 orcs
  9 endoplasms
  4 giant cockroaches
  16 goblins
  8 hobgoblins
  8 kobolds
  2 quokkas
  6 ball pythons
  4 bats
  2 frilled lizards
  3 rats
100 creatures vanquished.

Vanquished Creatures (others)
  2 withered plants (D:4)
2 creatures vanquished.

Grand Total: 102 creatures vanquished

Notes
Turn   | Place    | Note
-------+----------+-------------------------------------------
     0 | D:1      | Peloso the Minotaur Fighter began the quest for the Orb.
     0 | D:1      | Reached XP level 1. HP: 19/19 MP: 0/0
   210 | D:1      | Got Kuekinin's Reference Book on Dusty Evil Secrets
   278 | D:1      | Reached XP level 2. HP: 27/27 MP: 1/1
   556 | D:2      | Found Ulycw's Jewellery Emporium.
   556 | D:2      | Noticed Natasha
   561 | D:2      | Killed Natasha
   562 | D:2      | Reached skill level 3 in Long Blades
   562 | D:2      | Reached XP level 3. HP: 28/33 MP: 2/2
   591 | D:2      | Noticed Natasha
   597 | D:2      | Killed Natasha
   598 | D:2      | Reached XP level 4. HP: 32/40 MP: 3/3
   667 | D:2      | Noticed Natasha
   677 | D:2      | Killed Natasha
   785 | D:2      | Found Namiruxupn's Weapon Shoppe.
  1246 | D:2      | Reached XP level 5. HP: 47/47 MP: 4/4
  1412 | D:3      | Reached skill level 4 in Long Blades
  1501 | D:3      | Reached skill level 5 in Armour
  1697 | D:3      | Found Typyqaoz's Antique Armour Shoppe.
  1815 | D:3      | Found a snail-covered altar of Cheibriados.
  2012 | D:3      | Noticed Robin
  2039 | D:3      | Killed Robin
  2444 | D:3      | Reached XP level 6. HP: 53/53 MP: 5/5
  2748 | D:4      | Found a staircase to the Ecumenical Temple.
  2775 | D:4      | Reached skill level 5 in Long Blades
  2812 | Temple   | Entered the Ecumenical Temple
  3186 | D:4      | Reached skill level 1 in Dodging
  3194 | D:4      | Reached skill level 6 in Long Blades
  3252 | D:4      | Found a runed translucent gate.
  3252 | D:4      | Found a runed translucent gate.
  3252 | D:4      | Found a runed translucent gate.
  3256 | D:4      | Noticed dangdung's ghost (weakling OpTm)
  3256 | D:4      | Noticed MrOwl's ghost (amateur GrFi)
  3256 | D:4      | Noticed doomsgape's ghost (amateur HOFi)
  3553 | D:5      | Entered Level 5 of the Dungeon
  3567 | D:5      | Reached skill level 5 in Fighting
  3567 | D:5      | Reached XP level 7. HP: 60/61 MP: 6/6
  3642 | D:5      | Reached skill level 5 in Shields
  3651 | D:5      | Noticed Edmund
  3665 | D:5      | Killed Edmund
  3698 | D:5      | Reached skill level 7 in Long Blades
  3746 | D:5      | Killed from afar by an orc wizard

Illustrated notes

Levels and vault maps discovered:
D:1:      lemuel_arrival_funnel, layout_rooms
D:2:      layout_basic, serial_shops, nicolae_shop_bloodbath_and_beyond, shop,
          kennysheep_potato, uniq_natasha
D:3:      minmay_spotlight, layout_basic, slow_altar_1, serial_shops,
          nicolae_shop_overgrown_old_shop, minmay_fountain_box,
          kennysheep_path_1, grunt_ministairs_5, uniq_robin
D:4:      minmay_inner_zag, layout_basic, minmay_temple_entry_arrows,
          gammafunk_ghost_cemetery
D:5:      layout_basic, lemuel_doored_altar, gup_sewer_entry_pipe, uniq_edmund,
          uniq_duvessa
Temple:   hc_temple_tempest_star

Skill      XL: |  1  2  3  4  5  6  7 |
---------------+----------------------+-----
Fighting       | 4 5 |  5.3
Armour         | 4 5 6 |  6.4
Shields        | 4 5 |  5.2
Long Blades    | 3 4 6 7 |  7.1
Dodging        | 1 |  1.3
Stealth        | |  0.7

Action                   |  1- 3 |  4- 6 |  7- 9 || total
-------------------------+-------+-------+-------++-------
Melee: Long sword        |    29 |   182 |    40 ||   251
       Headbutt          |     5 |    27 |    11 ||    43
  Use: Potion            |       |       |     1 ||     1
Armor: Scale mail        |    17 |    28 |       ||    45
       Chain mail        |       |    88 |    18 ||   106
Dodge: Dodged            |    14 |    52 |    12 ||    78
Block: Buckler           |     9 |    52 |    11 ||    72
